EVO
CLEMSON UNIVERSITY TIGERS @ WICHITA STATE UNIVERSITY SHOCKERS
08/18/2046
 
TOP OF THE 1ST
Clemson University Tigers batting - Pitching for Wichita State University Shockers : RHP Edwin Torres
Pitching: RHP Edwin Torres
Batting: RHB Jorge Alva 0-0: Ground out 6-3 (Groundball, 6M, EV 93.1 MPH)
Batting: LHB Jayden Pelayo 0-0: Ball
1-0: Foul Ball, location: 2F
1-1: Fly out, F7 (Flyball, 7LM, EV 96.2 MPH)
Batting: RHB Chris Prinzing 0-0: Called Strike
0-1: Foul Ball, location: 2F
0-2: SOLO HOME RUN (Flyball, 9LD, EV 95.0 MPH), Distance : 350 ft
Batting: RHB Josh LeSage 0-0: Ball
1-0: Called Strike
1-1: Ground out 4-3 (Groundball, 4, EV 106.2 MPH)
Top of the 1st over - 1 run, 1 hit, 0 errors, 0 left on base; Clemson University 1 - Wichita State University 0
BOTTOM OF THE 1ST
Wichita State University Shockers batting - Pitching for Clemson University Tigers : RHP Richard Clements
Pitching: RHP Richard Clements
Batting: RHB Ray Johnson 0-0: Ball
1-0: Called Strike
1-1: Ball
2-1: Foul Ball, location: 2F
2-2: Foul Ball, location: 2F
2-2: Strikes out looking
Batting: RHB Tony Gonzales 0-0: SINGLE (Groundball, 4M, EV 103.8 MPH) (infield hit)
Batting: RHB David Bousfield 0-0: Called Strike
0-1: Ball
1-1: Swinging Strike
1-2: Ball
2-2: Strikes out swinging
Batting: RHB Juan Nieves 0-0: Fielders Choice at 2nd, 5-4 (Groundball, 56, EV 105.6 MPH)
Bottom of the 1st over - 0 runs, 1 hit, 0 errors, 1 left on base; Clemson University 1 - Wichita State University 0
TOP OF THE 2ND
Clemson University Tigers batting - Pitching for Wichita State University Shockers : RHP Edwin Torres
Batting: RHB Neal Perucci 0-0: Ball
1-0: DOUBLE (Flyball, 8LXD, EV 110.6 MPH)
Batting: RHB Dave Dominguez 0-0: Called Strike
0-1: Ball
1-1: Ball
2-1: Foul Ball, location: 2F
2-2: Fly out, F8 (Flyball, 78M, EV 81.9 MPH)
Batting: LHB Jackson Wither 0-0: Called Strike
0-1: Called Strike
0-2: Foul Ball, location: 2F
0-2: SINGLE (Line Drive, 8RS, EV 88.1 MPH)
Neal Perucci to third
Runner from 3rd tries for Home, SAFE, throw by CF to home
Jackson Wither to second
Batting: RHB Liangde Zhou 0-0: Called Strike
0-1: Ball
1-1: Ball
2-1: Foul Ball, location: 2F
2-2: Fly out, F8 (Flyball, 8LD, EV 90.6 MPH)
Runner from 2nd tags up, SAFE at 3rd with throw by CF
Batting: RHB Dermott Ayliffe 0-0: SINGLE (Flyball, 78S, EV 83.1 MPH)
Jackson Wither scores
Batting: RHB Jorge Alva 0-0: Ball
1-0: Fly out, F8 (Flyball, 8LD, EV 87.5 MPH)
Top of the 2nd over - 2 runs, 3 hits, 0 errors, 1 left on base; Clemson University 3 - Wichita State University 0
BOTTOM OF THE 2ND
Wichita State University Shockers batting - Pitching for Clemson University Tigers : RHP Richard Clements
Batting: RHB Butch Huskey 0-0: SOLO HOME RUN (Flyball, 78XD, EV 105.0 MPH), Distance : 422 ft
Batting: RHB Ryan LeSueur 0-0: Fly out, F2 (Popup, 23F, EV 92.5 MPH)
Batting: RHB Larry Berge 0-0: Ball
1-0: SINGLE (Groundball, 56D, EV 83.1 MPH) (infield hit)
Batting: RHB Juan Mercado 0-0: Ball
1-0: Ball
2-0: Ball
Larry Berge steals 2nd base
3-0: Called Strike
3-1: Fly out, F4 (Popup, 4, EV 71.2 MPH)
Batting: RHB Tony Valdez 0-0: Ball
1-0: Fly out, F7 (Flyball, 7, EV 90.6 MPH)
Bottom of the 2nd over - 1 run, 2 hits, 0 errors, 1 left on base; Clemson University 3 - Wichita State University 1
TOP OF THE 3RD
Clemson University Tigers batting - Pitching for Wichita State University Shockers : RHP Edwin Torres
Batting: LHB Jayden Pelayo 0-0: Ball
1-0: Ball
2-0: Swinging Strike
2-1: Foul Ball, location: 2F
2-2: Strikes out swinging
Batting: RHB Chris Prinzing 0-0: Ball
1-0: Called Strike
1-1: Ball
2-1: Foul Ball, location: 2F
2-2: Foul Ball, location: 2F
2-2: Strikes out swinging
Batting: RHB Josh LeSage 0-0: Ball
1-0: Foul Ball, location: 2F
1-1: Ball
2-1: Foul Ball, location: 2F
2-2: Strikes out swinging
Top of the 3rd over - 0 runs, 0 hits, 0 errors, 0 left on base; Clemson University 3 - Wichita State University 1
BOTTOM OF THE 3RD
Wichita State University Shockers batting - Pitching for Clemson University Tigers : RHP Richard Clements
Batting: RHB Ray Johnson 0-0: Ball
1-0: Ball
2-0: Ball
3-0: Called Strike
3-1: Foul Ball, location: 2F
3-2: Base on Balls
Batting: RHB Tony Gonzales 0-0: Called Strike
Ray Johnson steals 2nd base
0-1: Foul Ball, location: 2F
0-2: Ground out 6-3 (Groundball, 6M, EV 81.9 MPH)
Ray Johnson to third
Batting: RHB David Bousfield 0-0: Called Strike
0-1: Fly out, F9 (Flyball, 89M, EV 80.0 MPH)
Runner from 3rd tags up, SCORES, throw by RF
Batting: RHB Juan Nieves 0-0: Called Strike
0-1: Called Strike
0-2: Ball
1-2: Foul Ball, location: 2F
1-2: SINGLE (Groundball, 6MD, EV 97.5 MPH)
Batting: RHB Butch Huskey 0-0: Ball
1-0: SINGLE (Flyball, 34D, EV 86.2 MPH)
Juan Nieves to second
Runner from 2nd tries for 3rd, SAFE, no throw by RF
Batting: RHB Ryan LeSueur 0-0: Called Strike
0-1: Ball
1-1: Called Strike
1-2: 3-RUN HOME RUN (Flyball, 9LD, EV 91.2 MPH), Distance : 340 ft
Batting: RHB Larry Berge 0-0: Ball
1-0: Foul Ball, location: 2F
1-1: Ball
2-1: Swinging Strike
2-2: Ball
3-2: Base on Balls
Batting: RHB Juan Mercado 0-0: Fly out, F9 (Flyball, 9LS, EV 93.8 MPH)
Bottom of the 3rd over - 4 runs, 3 hits, 0 errors, 1 left on base; Clemson University 3 - Wichita State University 5
TOP OF THE 4TH
Clemson University Tigers batting - Pitching for Wichita State University Shockers : RHP Edwin Torres
Batting: RHB Neal Perucci 0-0: Called Strike
0-1: Ball
1-1: SINGLE (Line Drive, 8LS, EV 104.4 MPH)
Batting: RHB Dave Dominguez 0-0: Ball
1-0: Ball
2-0: Foul Ball, location: 2F
2-1: Foul Ball, location: 2F
2-2: Ball
3-2: Base on Balls
Neal Perucci to second
Batting: LHB Jackson Wither 0-0: Ball
1-0: Ball
2-0: Foul Ball, location: 2F
2-1: Ball
3-1: Fly out, F6 (Popup, 6, EV 60.0 MPH)
Batting: RHB Liangde Zhou 0-0: Fielders Choice at 2nd, 1-6 (Groundball, 13S, EV 66.2 MPH)
Neal Perucci to third
Batting: RHB Dermott Ayliffe 0-0: Called Strike
0-1: Called Strike
0-2: Ball
1-2: Strikes out swinging
Top of the 4th over - 0 runs, 1 hit, 0 errors, 2 left on base; Clemson University 3 - Wichita State University 5
BOTTOM OF THE 4TH
Wichita State University Shockers batting - Pitching for Clemson University Tigers : RHP Richard Clements
Now in CF: Jason Duncan
Batting: RHB Tony Valdez 0-0: Ball
1-0: Ground out U3 (Groundball, 34, EV 99.4 MPH)
Batting: RHB Ray Johnson 0-0: Called Strike
0-1: Foul Ball, location: 2F
0-2: Ground out 4-3 (Groundball, 4, EV 108.1 MPH)
Pitching: RHP Gustavo Carena
Batting: RHB Tony Gonzales 0-0: SOLO HOME RUN (Line Drive, 78XD, EV 108.8 MPH), Distance : 425 ft
Batting: RHB David Bousfield 0-0: Ball
1-0: Fly out, F9 (Flyball, 89D, EV 107.5 MPH)
Bottom of the 4th over - 1 run, 1 hit, 0 errors, 0 left on base; Clemson University 3 - Wichita State University 6
TOP OF THE 5TH
Clemson University Tigers batting - Pitching for Wichita State University Shockers : RHP Edwin Torres
Batting: RHB Jorge Alva 0-0: Fly out, F8 (Line Drive, 89D, EV 96.9 MPH)
Batting: LHB Jayden Pelayo 0-0: Swinging Strike
0-1: Foul Ball, location: 2F
0-2: Ball
1-2: Foul Ball, location: 2F
1-2: Ball
2-2: Foul Ball, location: 2F
2-2: Foul Ball, location: 2F
2-2: Ball
3-2: Foul Ball, location: 2F
3-2: Foul Ball, location: 2F
3-2: Fly out, F7 (Flyball, 78M, EV 85.6 MPH)
Batting: RHB Chris Prinzing 0-0: Called Strike
0-1: Ball
1-1: Fly out, F8 (Flyball, 89D, EV 90.6 MPH)
Top of the 5th over - 0 runs, 0 hits, 0 errors, 0 left on base; Clemson University 3 - Wichita State University 6
BOTTOM OF THE 5TH
Wichita State University Shockers batting - Pitching for Clemson University Tigers : RHP Gustavo Carena
Batting: RHB Juan Nieves 0-0: Ground out 6-3 (Groundball, 6MS, EV 82.5 MPH)
Batting: RHB Butch Huskey 0-0: Ball
1-0: SINGLE (Line Drive, 8LS, EV 101.9 MPH)
Batting: RHB Ryan LeSueur 0-0: Called Strike
0-1: Ball
1-1: Ball
2-1: Swinging Strike
2-2: Strikes out swinging
Batting: RHB Larry Berge 0-0: Called Strike
0-1: Ball
1-1: Ball
2-1: Fly out, F9 (Flyball, 89M, EV 87.5 MPH)
Bottom of the 5th over - 0 runs, 1 hit, 0 errors, 1 left on base; Clemson University 3 - Wichita State University 6
TOP OF THE 6TH
Clemson University Tigers batting - Pitching for Wichita State University Shockers : RHP Edwin Torres
Batting: RHB Josh LeSage 0-0: Ball
1-0: Hit by Pitch
Pitching: RHP Fikre Taalib
Batting: RHB Neal Perucci 0-0: Ball
1-0: Grounds into double play, 5-4-3 (Groundball, 5S, EV 82.5 MPH)
Batting: RHB Jason Duncan 0-0: Called Strike
0-1: Ground out 5-3 (Groundball, 56S, EV 83.8 MPH)
Top of the 6th over - 0 runs, 0 hits, 0 errors, 0 left on base; Clemson University 3 - Wichita State University 6
BOTTOM OF THE 6TH
Wichita State University Shockers batting - Pitching for Clemson University Tigers : RHP Gustavo Carena
Batting: RHB Juan Mercado 0-0: SOLO HOME RUN (Flyball, 7D, EV 94.4 MPH), Distance : 381 ft
Batting: RHB Tony Valdez 0-0: Hit by Pitch
Batting: RHB Ray Johnson 0-0: Called Strike
0-1: Sac Bunt to 2R - play at first, batter OUT! 2-3
Tony Valdez to second
Batting: RHB Tony Gonzales 0-0: Called Strike
0-1: Called Strike
0-2: Fly out, F8 (Flyball, 8RM, EV 91.2 MPH)
Batting: RHB David Bousfield 0-0: Ball
1-0: Ball
2-0: Ball
3-0: Called Strike
3-1: SINGLE (Groundball, 4MD, EV 102.5 MPH)
Tony Valdez to third
Runner from 3rd tries for Home, SAFE, throw by CF to home
Pitching: RHP A.J. Newman
Batting: RHB Juan Nieves 0-0: Ball
1-0: Called Strike
1-1: Foul Ball, location: 2F
1-2: Ball
2-2: Foul Ball, location: 2F
2-2: Ball
3-2: Base on Balls
David Bousfield to second
Batting: RHB Butch Huskey 0-0: Swinging Strike
0-1: Ball
1-1: Ball
2-1: Called Strike
2-2: Ground out 5-3 (Groundball, 5S, EV 83.8 MPH)
Bottom of the 6th over - 2 runs, 2 hits, 0 errors, 2 left on base; Clemson University 3 - Wichita State University 8
TOP OF THE 7TH
Clemson University Tigers batting - Pitching for Wichita State University Shockers : RHP Fikre Taalib
Batting: LHB Jackson Wither 0-0: Ball
1-0: Foul Ball, location: 2F
1-1: Swinging Strike
1-2: Strikes out looking
Pinch Hitting: LHB David Mendez 0-0: Ball
1-0: Swinging Strike
1-1: Called Strike
1-2: DOUBLE (Line Drive, 7LM, EV 110.0 MPH)
Batting: RHB Dermott Ayliffe 0-0: Called Strike
0-1: Ball
1-1: Ball
2-1: Ball
3-1: Base on Balls
Batting: RHB Jorge Alva 0-0: Fly out, F7 (Line Drive, 7, EV 92.5 MPH)
Batting: LHB Jayden Pelayo 0-0: Called Strike
0-1: Called Strike
0-2: SINGLE (Groundball, P, EV 82.5 MPH) (infield hit)
David Mendez to third
Dermott Ayliffe to second
Batting: RHB Chris Prinzing 0-0: GRAND SLAM HOME RUN (Flyball, 78XD, EV 109.4 MPH), Distance : 416 ft
Pitching: RHP Cortez Restrepo
Batting: RHB Josh LeSage 0-0: Ball
1-0: Ground out 1-3 (Groundball, 13, EV 71.2 MPH)
Top of the 7th over - 4 runs, 3 hits, 0 errors, 0 left on base; Clemson University 7 - Wichita State University 8
BOTTOM OF THE 7TH
Wichita State University Shockers batting - Pitching for Clemson University Tigers : RHP A.J. Newman
Now in LF: Jason Keys
Batting: RHB Ryan LeSueur 0-0: Ball
1-0: Ball
2-0: SINGLE (Line Drive, 9S, EV 101.9 MPH)
Batting: RHB Larry Berge 0-0: Ball
1-0: Ball
Wild Pitch!
Ryan LeSueur to second
2-0: Intentional Walk
Batting: RHB Juan Mercado 0-0: Sac Bunt to 3S - play at first, batter OUT! 3-1
Ryan LeSueur to third
Larry Berge to second
Batting: RHB Tony Valdez 0-0: Ball
1-0: Ball
2-0: Ball
3-0: Called Strike
3-1: Foul Ball, location: 2F
3-2: 3-RUN HOME RUN (Flyball, 9D, EV 105.0 MPH) (Inside the Park)
Pitching: LHP Brian Anderson
Batting: RHB Ray Johnson 0-0: Ground out 4-3 (Groundball, 4, EV 84.4 MPH)
Batting: RHB Tony Gonzales 0-0: Ball
1-0: Ball
2-0: SOLO HOME RUN (Flyball, 9D, EV 96.9 MPH), Distance : 370 ft
Batting: RHB David Bousfield 0-0: Ground out 5-3 (Groundball, 5, EV 101.9 MPH)
Bottom of the 7th over - 4 runs, 3 hits, 0 errors, 0 left on base; Clemson University 7 - Wichita State University 12
TOP OF THE 8TH
Clemson University Tigers batting - Pitching for Wichita State University Shockers : RHP Cortez Restrepo
Batting: RHB Neal Perucci 0-0: Foul Ball, location: 2F
0-1: Foul Ball, location: 2F
0-2: Strikes out looking
Batting: RHB Jason Duncan 0-0: Called Strike
0-1: Foul Ball, location: 2F
0-2: Foul Ball, location: 2F
0-2: Foul Ball, location: 2F
0-2: Ball
1-2: Ball
2-2: Foul Ball, location: 2F
2-2: Ball
3-2: Ground out 4-3 (Groundball, 4, EV 80.6 MPH)
Batting: LHB Jackson Wither 0-0: Swinging Strike
0-1: Ball
1-1: Foul Ball, location: 2F
1-2: Ball
2-2: Ball
3-2: Strikes out looking
Top of the 8th over - 0 runs, 0 hits, 0 errors, 0 left on base; Clemson University 7 - Wichita State University 12
BOTTOM OF THE 8TH
Wichita State University Shockers batting - Pitching for Clemson University Tigers : LHP Brian Anderson
Batting: RHB Juan Nieves 0-0: Ball
1-0: Ball
2-0: Ball
3-0: Called Strike
3-1: Foul Ball, location: 2F
3-2: Base on Balls
Batting: RHB Butch Huskey 0-0: Ball
1-0: Swinging Strike
1-1: Swinging Strike
1-2: Ground out U3 (Groundball, 34, EV 83.8 MPH)
Juan Nieves to second
Batting: RHB Ryan LeSueur 0-0: Foul Ball, location: 2F
0-1: Ball
1-1: Ball
2-1: Fly out, F9 (Flyball, 89M, EV 77.5 MPH)
Batting: RHB Larry Berge 0-0: Fly out, F7 (Flyball, 7, EV 78.1 MPH)
Bottom of the 8th over - 0 runs, 0 hits, 0 errors, 1 left on base; Clemson University 7 - Wichita State University 12
TOP OF THE 9TH
Clemson University Tigers batting - Pitching for Wichita State University Shockers : RHP Cortez Restrepo
Batting: SHB Jason Keys 0-0: Ball
1-0: Called Strike
1-1: Called Strike
1-2: Strikes out swinging
Batting: RHB Dermott Ayliffe 0-0: Ground out 6-3 (Groundball, 6, EV 82.5 MPH)
Pinch Hitting: RHB Wayne Watson 0-0: Ball
1-0: Foul Ball, location: 2F
1-1: Ball
2-1: Called Strike
2-2: Foul Ball, location: 2F
2-2: Ball
3-2: Strikes out swinging
Top of the 9th over - 0 runs, 0 hits, 0 errors, 0 left on base; Clemson University 7 - Wichita State University 12
Tuesday, September 13th , 2022 - OOTP Baseball 23.7 Build 88